 Dungeon Crawl Stone Soup version 0.28-a0-381-g937acc2988 (webtiles) character file.

Game seed: 8040414185604173657

223 porpoise the Conjurer (level 5, 0/28 HPs)
             Began as a Deep Elf Conjurer on Sept 1, 2021.
             Slain by an orc (3 damage)
             ... on level 4 of the Dungeon.
             The game lasted 00:14:15 (4521 turns).

porpoise the Conjurer (Deep Elf Conjurer)           Turns: 4521, Time: 00:14:16

Health: 0/28       AC:  2    Str:  5    XL:     5   Next: 66%
Magic:  14/14      EV: 12    Int: 23    God:
Gold:   153        SH:  0    Dex: 13    Spells: 3/14 levels left

rFire   . . .      SeeInvis +   a - +2 dagger (venom)
rCold   . . .      Faith    .   (no shield)
rNeg    . . .      Spirit   .   c - +0 robe
rPois   .          Reflect  .   (no helmet)
rElec   .          Harm     .   (no cloak)
rCorr   .          Rampage  .   (no gloves)
Will    .....                   (no boots)
Stlth   ++........              (no amulet)
HPRegen 0.09/turn               o - ring of see invisible
MPRegen 0.14/turn               (no ring)

@: very slightly contaminated, invisible
A: no striking features
a: no special abilities


You were on level 4 of the Dungeon.
You visited 1 branch of the dungeon, and saw 4 of its levels.

You collected 153 gold pieces.

Inventory:

Hand Weapons
 a - a +2 dagger of venom (weapon)
 b - a +0 hunting sling
Missiles
 g - 185 stones
 j - 18 bolts
 n - 29 arrows
 p - 32 sling bullets
 s - 7 poisoned darts
Armour
 c - a +0 robe (worn)
Jewellery
 o - a ring of see invisible (left hand)
Wands
 q - a wand of paralysis (4)
Scrolls
 d - a scroll of silence {unknown}
 e - a scroll of vulnerability {unknown}
 h - a scroll of immolation {unknown}
 i - a scroll of teleportation {unknown}
 m - a scroll of amnesia {unknown}
 t - a scroll of fear {unknown}
Potions
 l - a potion of degeneration {unknown}
 u - a potion of heal wounds {unknown}


   Skills:
 - Level 2.4 Dodging
 + Level 4.1 Stealth
 * Level 5.4 Spellcasting
 * Level 6.0 Conjurations


You had 3 spell levels left.
You knew the following spells:

 Your Spells              Type           Power      Damage    Failure   Level
a - Magic Dart            Conj           100%       1d8       1%          1
b - Searing Ray           Conj           66%        3d5       1%          2
d - Fulminant Prism       Conj/Hex       10%        3d9       26%         4
m - Iskenderun's Mystic   Conj/Tloc      20%        2d6       26%         4

Your spell library contained the following spells:

 Spells                   Type           Power      Damage    Failure   Level
 Dazzling Flash           Conj/Hex       40%        N/A       8%          3
 Corona                   Hex            6%         N/A       9%          1
 Pain                     Necr           24%        1d5       9%          1
 Ensorcelled Hibernation  Hex/Ice        12%        N/A       14%         2
 Tukima's Dance           Hex            6%         N/A       26%         3
 Agony                    Necr           6%         N/A       94%         5
 Excruciating Wounds      Necr           3%         N/A       94%         5


Dungeon Overview and Level Annotations

Branches:
Dungeon (4/15)
 Temple: D:4-7

Altars:

Annotations:
D:3 1 runed translucent door, siradein's ghost, amateur OgBe


Message History

You hear a shout!
The orc priest calls down the wrath of Beogh upon you.
Beogh smites you!
An orc comes into view. It is wielding a +0 mace.
An orc priest comes into view. It is wielding a +0 falchion.
The orc priest invokes the aid of Beogh against you.
Beogh smites you!
* * * LOW HITPOINT WARNING * * *
You fade into invisibility!
You are very lightly contaminated with residual magic.
You are too injured to fight recklessly!
Unknown command.
You are too injured to fight recklessly!
You feel better.
Fire: 34 sling bullets
Press: ? - help, Q - select action, (/) - cycle Shift-Dir - straight line, f/p - orc
Aim: an orc, wielding a +0 mace (moderately wounded, 56% to hit)
You shoot a sling bullet. The sling bullet hits the orc.
You kill the orc!
Fire: 33 sling bullets
Press: ? - help, Q - select action, (/) - cycle Shift-Dir - straight line, f - orc priest
Aim: an orc priest, wielding a +0 club (56% to hit)
You shoot a sling bullet. The sling bullet hits the orc.
The orc is heavily wounded.
The orc hits you with a +0 mace.
Okay, then.
Unknown command.
Your +2 dagger of venom begins to drip with poison!
a - a +2 dagger of venom (weapon)
The orc hits you but does no damage.
You are too injured to fight recklessly!
You are too injured to fight recklessly!
You closely miss the orc.
The orc is heavily wounded.
The orc hits you with a +0 mace!
* * * LOW HITPOINT WARNING * * *
You barely miss the orc.
The orc is heavily wounded.
The orc hits you with a +0 mace.
You die...

..............#...........#
...........................
..(....(......#.............
.o..........).#.............
..(o................#.......
#.o..............#.#.......
#....o(..#.........####....
#........#.........####....
.#......†.#@...............#
........o.o#...............#
.......(.oo#...............#
(.((......?#..........#.#...
(..........(.......>..#...##
......................######
..............(.............
.............####... .#.....
.............# #.....


You could see 2 orc priests and 2 orcs.

Vanquished Creatures
  A howler monkey (D:4)
  Ijyb (D:3)
  A gnoll (D:1)
  6 adders
  3 worms (D:2)
  A dart slug (D:2)
  2 orcs (D:4)
  7 ball pythons
  5 endoplasms
  4 giant cockroaches
  7 goblins
  11 hobgoblins
  6 jackals (D:1)
  6 quokkas
  4 bats
  3 frilled lizards (D:1)
  8 kobolds
  8 rats
84 creatures vanquished.

Notes
Turn   | Place    | Note
-------+----------+-------------------------------------------
     0 | D:1      | porpoise the Deep Elf Conjurer began the quest for the Orb.
     0 | D:1      | Reached XP level 1. HP: 10/10 MP: 6/6
   189 | D:1      | Found a faded altar of an unknown god.
   216 | D:1      | Reached XP level 2. HP: 15/15 MP: 6/8
   526 | D:1      | Learned a level 2 spell: Searing Ray
  1385 | D:1      | Reached XP level 3. HP: 19/19 MP: 7/10
  1771 | D:1      | Reached skill level 5 in Conjurations
  2230 | D:2      | Reached XP level 4. HP: 24/24 MP: 8/12
  2363 | D:2      | Learned a level 4 spell: Iskenderun's Mystic Blast
  2368 | D:2      | Learned a level 4 spell: Fulminant Prism
  3473 | D:3      | Noticed Ijyb
  3478 | D:3      | Paralysed by Ijyb for 4 turns
  3486 | D:3      | Killed Ijyb
  3487 | D:3      | Reached skill level 5 in Spellcasting
  3487 | D:3      | Reached XP level 5. HP: 21/28 MP: 7/14
  3903 | D:3      | Found a runed translucent door.
  3908 | D:3      | Noticed siradein's ghost (amateur OgBe)
  4493 | D:4      | Reached skill level 6 in Conjurations
  4521 | D:4      | Slain by an orc

Illustrated notes

Levels and vault maps discovered:
D:1:      lightli_arrival_noodles, layout_basic, ebering_ecumenical_altar_rust
D:2:      layout_loops_ring, chequers_serial_rivers_micro_b,
          minmay_fractal_squares_gapless_5
D:3:      layout_basic, ebering_ghost_sewer_d, uniq_ijyb
D:4:      layout_basic, serial_shops, shop_statue

Skill      XL: |  1  2  3  4  5 |
---------------+----------------+-----
Stealth        | 3 4 |  4.1
Conjurations   | 5 6 |  6.0
Spellcasting   | 4 5 |  5.4
Dodging        | |  2.4

Action                   |  1- 3 |  4- 6 || total
-------------------------+-------+-------++-------
Melee: Spear             |    23 |     9 ||    32
       Dagger            |       |     5 ||     5
 Fire: Hunting sling     |       |    40 ||    40
 Cast: Magic Dart        |    57 |    27 ||    84
       Searing Ray       |     4 |     9 ||    13
  Use: Scroll            |       |     2 ||     2
       Potion            |       |     2 ||     2
 Stab: Sleeping          |     2 |     1 ||     3
Armor: Robe              |     2 |     2 ||     4
Dodge: Dodged            |     7 |    13 ||    20

Table legend: (Time is in decaauts)
 A = Elapsed time spent in this place.
 B = Non-inter-level travel time spent in this place.
 C = Inter-level travel time spent in this place.
 D = Time resting spent in this place.
 E = Time spent auto-exploring this place.
 F = Levels seen in this place.
 G = Mean time per level.
                   A        B        C        D        E       F      G
               +--------+--------+--------+--------+--------+-----+--------+
         Total |   4519 |   4440 |     79 |   1809 |   2150 |   4 | 1129.8 |
       Dungeon |   4519 |   4440 |     79 |   1809 |   2150 |   4 | 1129.8 |
               +--------+--------+--------+--------+--------+-----+--------+

Top non-repeatable levels by time:
     D:1: 1893 daAuts
     D:2: 1391 daAuts
     D:3: 860 daAuts
     D:4: 373 daAuts
